 Dungeon Crawl Stone Soup version 0.19.0-19-g8c6edcc (webtiles) character file.

1766275 dvd the Blinker (level 27, 255/255 HPs)
             Began as a Naga Warper on Nov 6, 2016.
             Was the Champion of Cheibriados.
             Escaped with the Orb
             ... and 3 runes on Nov 13, 2016!
             The game lasted 09:41:31 (76383 turns).

dvd the Blinker (Naga Warper)                      Turns: 76383, Time: 09:41:32

Health: 255/255    AC: 56    Str: 54    XL:     27
Magic:  42/42      EV: 22    Int: 39    God:    Cheibriados [******]
Gold:   4025       SH: 27    Dex: 32    Spells: 12 memorised, 22 levels left

rFire  + + +     SeeInvis +     S - +9 demon trident (vamp)
rCold  + + +     Gourm    .     o - +11 gold dragon scales of the Monkey {rPois rF+ rC+ Str+8 Dex-2}
rNeg   . . .     Faith    .     E - +4 shield of the Ward {+Inv rPois rCorr SInv}
rPois  +         Spirit   .     X - +3 crown of Dyrovepreva {rElec Int+2 SInv}
rElec  +         Reflect  +     h - +2 cloak {+Inv}
rCorr  +         Harm     .     G - +2 pair of gloves {Dex+3}
MR     ++++.     Clarity  +     y - +4 naga barding {rC+}
Stlth  ..........               R - amulet "Jotoa" {Reflect rF+ rC+ Str+4 SH+2 Stlth-}
                                P - ring of Xubypei {rF+ EV+6 Str+8 Dex-4}
                                u - ring of the Leaf {Str+3 Int+4 Dex+3}

@: regenerating (expiring), deflect missiles, very slow
A: molten scales 1, see invisible, clarity, deformed body, fire resistance 1,
low mp 1, magic resistance 1, mutation resistance 1, poison resistance,
screaming 1, slowness 2, slow metabolism 1, spit poison 1, constrict 1, AC +9
a: Spit Poison, Bend Time, Temporal Distortion, Slouch, Step From Time, Renounce
Religion, Evoke Invisibility
0: Orb of Zot
}: 3/15 runes: decaying, serpentine, silver


You escaped.
You worshipped Cheibriados.
Cheibriados was exalted by your worship.
You were not hungry.

You visited 11 branches of the dungeon, and saw 51 of its levels.
You also visited: Trove, Ice Cave and Desolation.

You collected 7602 gold pieces.
You spent 3577 gold pieces at shops.

Inventory:

Hand Weapons
 a - a +9 spear of piercing
 S - a +9 vampiric demon trident (weapon)
Missiles
 e - 5 tomahawks (quivered)
 x - 3 poisoned tomahawks
 B - 3 poisoned javelins
Armour
 h - a +2 cloak of invisibility (worn)
 o - the +11 gold dragon scales of the Monkey (worn) {rPois rF+ rC+ Str+8 Dex-2}
   (You bought it in a shop on level 1 of the Orcish Mines)

   It affects your strength (+8).
   It affects your dexterity (-2).
   It protects you from fire.
   It protects you from cold.
   It protects you from poison.
 y - a +4 naga barding of cold resistance (worn)
 E - the +4 shield of the Ward (worn) {+Inv rPois rCorr SInv}
   (You found it on level 3 of the Elven Halls)

   It protects you from poison.
   It lets you see invisible.
   It lets you turn invisible.
   It protects you from acid and corrosion.
 G - a +2 pair of gloves of dexterity (worn)
 J - the +9 scale mail of the Tormentor {*Corrode rC+++ rN+ Str+4}
   (You found it on level 9 of the Dungeon)

   It affects your strength (+4).
   It renders you almost immune to cold.
   It protects you from negative energy.
   It may corrode you when you take damage.
 X - the +3 crown of Dyrovepreva (worn) {rElec Int+2 SInv}
   (You found it on level 4 of the Depths)

   It affects your intelligence (+2).
   It insulates you from electricity.
   It lets you see invisible.
Jewellery
 c - the ring "Jappathro" {rElec Str+3 Int+3}
   (You found it in a treasure trove)

   [ring of intelligence]

   It affects your strength (+3).
   It affects your intelligence (+3).
   It insulates you from electricity.
 l - the ring "Sippic" {Wiz Dex+3 Stlth+}
   (You found it in the Desolation of Salt)

   [ring of wizardry]

   It improves your spell success rate.
   It affects your dexterity (+3).
   It makes you more stealthy.
 u - the ring of the Leaf (left hand) {Str+3 Int+4 Dex+3}
   (You found it in a treasure trove)

   [ring of dexterity]

   It affects your strength (+3).
   It affects your intelligence (+4).
   It affects your dexterity (+3).
 D - the amulet "Koon" {Gourm rF+ MR++ Int-5 Stlth+}
   (You found it in a treasure trove)

   [amulet of the gourmand]

   It allows you to eat raw meat even when not hungry.
   It affects your intelligence (-5).
   It protects you from fire.
   It affects your resistance to hostile enchantments.
   It makes you more stealthy.
 P - the ring of Xubypei (right hand) {rF+ EV+6 Str+8 Dex-4}
   (You took it off a vault sentinel on level 5 of the Vaults)

   [ring of evasion]

   It affects your evasion (+6).
   It affects your strength (+8).
   It affects your dexterity (-4).
   It protects you from fire.
 R - the amulet "Jotoa" (around neck) {Reflect rF+ rC+ Str+4 SH+2 Stlth-}
   (You took it off an ironheart preserver on level 5 of the Vaults)

   [amulet of reflection]

   It shields you and reflects attacks.
   It affects your strength (+4).
   It protects you from fire.
   It protects you from cold.
   It affects your SH (+2).
   It makes you less stealthy.
 T - the ring "Yficiz" {rElec rN+ Int+3}
   (You found it in the Desolation of Salt)

   [ring of positive energy]

   It affects your intelligence (+3).
   It insulates you from electricity.
   It protects you from negative energy.
 Y - the ring "Tiradi" {MP+9 Dex+7}
   (You found it in a treasure trove)

   [ring of magical power]

   It affects your dexterity (+7).
   It affects your magic capacity (+9).
Wands
 d - a wand of digging (6/24)
 C - a wand of acid (12/15)
 K - a wand of iceblast (6/15)
 O - a wand of lightning (13/15)
 U - a wand of teleportation (4/9)
Scrolls
 b - 8 scrolls of amnesia
 i - a scroll of summoning
 m - 9 scrolls of blinking
 n - 3 scrolls of enchant armour
 q - 6 scrolls of fear
 t - 4 scrolls of holy word
 z - 13 scrolls of identify
 H - 17 scrolls of remove curse
 I - 13 scrolls of teleportation
 L - 5 scrolls of fog
 M - a scroll of enchant weapon
 V - 2 scrolls of magic mapping
 Z - 11 scrolls of recharging
Potions
 g - a potion of magic
 k - 6 potions of heal wounds
 p - 4 potions of flight
 s - 5 potions of brilliance
 v - 18 potions of curing
 w - 3 potions of resistance
 Q - a potion of cure mutation
Comestibles
 f - 24 bread rations
 j - 10 meat rations
 r - 16 beef jerkies
 F - 16 slices of pizza
 N - 34 fruits


   Skills:
 + Level 16.8 Fighting
   Level 8.4(14.2) Axes
 + Level 17.9(18.4) Polearms
 + Level 14.5 Throwing
 * Level 14.5 Armour
 + Level 11.8 Dodging
 + Level 12.4 Stealth
 + Level 19.1 Shields
 + Level 19.6 Spellcasting
 + Level 12.2 Charms
 + Level 5.8 Summonings
 + Level 2.1 Necromancy
 * Level 20.5 Translocations
 + Level 3.8 Transmutations
 + Level 3.7 Fire Magic
 + Level 8.6 Air Magic
 + Level 15.2 Poison Magic
 + Level 11.0 Invocations
 + Level 2.9 Evocations


You had 22 spell levels left.
You knew the following spells:

 Your Spells              Type           Power        Failure   Level  Hunger
a - Blink                 Tloc           N/A          0%          2    None
b - Shroud of Golubria    Chrm/Tloc      ########..   0%          2    None
c - Teleport Other        Tloc           ########     0%          3    None
d - Lesser Beckoning      Tloc           ########..   0%          3    None
e - Portal Projectile     Tloc           ######       0%          3    None
h - Olgreb's Toxic Radia  Pois           ########     1%          4    None
i - Regeneration          Chrm/Necr      #######...   1%          3    None
j - Song of Slaying       Chrm           #######.     1%          2    None
k - Deflect Missiles      Chrm/Air       #######...   10%         6    None
l - Summon Lightning Spi  Summ/Air       #######.     1%          4    None
m - Disjunction           Tloc           ########..   8%          8    ###....
n - Ignite Poison         Fire/Tmut/Pois #######.     1%          3    None


Dungeon Overview and Level Annotations

Branches:
Dungeon (15/15)            Temple (1/1) D:4            Lair (6/6) D:11
  Swamp (4/4) Lair:2        Snake (4/4) Lair:3        Slime (0/5) Lair:6
    Orc (2/2) D:11            Elf (3/3) Orc:2        Vaults (5/5) D:13
  Crypt (0/3) Vaults:2     Depths (5/5) D:15           Hell (1/1)
    Dis (0/7) Hell            Geh (0/7) Hell            Coc (0/7) Hell
    Tar (0/7) Hell            Zot (5/5) Depths:5

Altars:
Ashenzari
Cheibriados
Dithmenos
Elyvilon
Fedhas
Gozag
Hepliaklqana
Kikubaaqudgha
Makhleb
Nemelex Xobeh
Okawaru
Qazlal
Ru
Sif Muna
Trog
Uskayaw
Vehumet
Xom
Yredelemnul
Zin
The Shining One
Jiyva

Shops:
Orc:1 ?[}[   Orc:2 ?!%!   Elf:3 (   Snake:4 %   Vaults:1 }   Vaults:5 (?}
Depths:1 ?

Portals:
Hell: Depths:1 Depths:2 Depths:3 Depths:4 Depths:5
Abyss: Depths:3 Depths:4 Depths:5
Pandemonium: Depths:2
Ziggurat: Depths:4

Annotations:
D:3 Grinder; barbarian's ghost, amateur GrEn


Innate Abilities, Weirdness & Mutations

You cannot wear boots.
Your serpentine skin is tough. (AC +9)
You have supernaturally acute eyesight. (SInv)
Armour fits poorly on your strangely shaped body.
Your system is resistant to poisons. (rPois)
You cover ground very slowly.
You have a slow metabolism.
You can spit poison.
You can use your snake-like lower body to constrict enemies.
You are partially covered in molten scales. (AC +2)
You possess an exceptional clarity of mind.
Your flesh is heat resistant. (rF+)
Your magical capacity is low. (-10% MP)
You are resistant to hostile enchantments. (MR+)
You are somewhat resistant to further mutation.
You occasionally shout uncontrollably at your foes.


Message History

(D) Dungeon (T) Temple (L) Lair (S) Swamp (P) Snake Pit (M) Slime Pits (O) Orcish Mines (E) Elven Halls (V) Vaults (C) Crypt (U) Depths (H) Hell (I) Dis (G) Gehenna (X) Cocytus (Y) Tartarus (Z) Zot
Where to? (Enter - D:1 @ (x,y), ? - help) HP restored.
You hear a grinding noise.
There is a dry fountain here.
You hear a grinding noise.
You hear a grinding noise.
There is a dry fountain here.
You hear a grinding noise.
You hear a grinding noise.
You hear a grinding noise.
There is a staircase leading out of the dungeon here.
Unknown command.
Your skin is crawling a little less now.
You hear a grinding noise.
You have escaped!

#..... ### ### #..... ##.###
###.## #..... ##....###
###....###.....
##..⌠....#####.)..⌠..#######
#.....⌠....#....⌠.....#
#..⌠....⌠.....⌠....⌠..#
#....................(#
#######....@....#######
####...#### ##...##
######### ##..⌠..##
#........ ##.......##
#.###.)## ##..⌠...⌠..## #.#
#.... #.....⌠..[..#
#.####.##
###.......#####........
####.#####.######..#.


There were no monsters in sight!

Vanquished Creatures
  5 orbs of fire
  An ancient lich (Zot:5)
  A juggernaut (Depths:3)
  The ghost of Stev the Metallomancer, a legendary DgEE (Zot:5)
  Bai Suzhen (Elf:3)
  Boris (Depths:4)
  4 Killer Klowns (Zot:5)
  Saint Roka (Snake:4)
  Geryon (Hell)
  2 curse toes
  6 pandemonium lords
  5 caustic shrikes (Depths:3)
  Nikola (Vaults:1)
  18 golden dragons
  A bone dragon (Depths:5)
  The ghost of bananaglory the Acrobat, a veteran TeAs of Cheibriados (Depths:2)
  Jorgrun (Elf:2)
  A Brimstone Fiend (D:1)
  3 electric golems
  22 tentacled monstrosities
  A Hell Sentinel (D:6)
  5 liches
  A hellephant (Hell)
  An Ice Fiend (D:10)
  Asterion (Vaults:2)
  9 quicksilver dragons
  An acid blob (Lair:6)
  5 deep elf blademasters (Elf:3)
  29 Orb Guardians
  2 titans (Vaults:5)
  2 Executioners
  14 death cobs
  3 deep elf master archers (Elf:3)
  13 sphinxes
  A revenant (Hell)
  Kirke (D:15)
  2 thorn hunters
  8 shadow dragons
  Roxanne (Swamp:1)
  5 draconian monks
  20 storm dragons
  12 tengu reavers
  2 daevas (Depths:4)
  A warmonger (D:6)
  14 nagarajas
  2 iron dragons
  16 fire giants
  2 ghost moths
  8 draconian knights
  Louise (Elf:2)
  8 draconian scorchers
  10 frost giants
  3 balrugs
  9 deep elf sorcerers
  A cacodemon (D:13)
  3 imperial myrmidons (Desolation)
  24 vault wardens
  4 deep elf elementalists (Elf:3)
  A ghoul (Vaults:4)
  8 draconian zealots
  23 ironheart preservers
  4 draconian shifters
  7 reapers
  2 draconian callers
  6 spriggan defenders
  4 draconian annihilators
  18 stone giants
  2 vampire knights
  35 very ugly things
  A blood saint (D:15)
  3 entropy weavers
  4 war gargoyles
  8 green draconians
  7 mottled draconians
  2 halazid warlocks (Desolation)
  4 deep elf demonologists
  18 black draconians
  Nessos (Lair:6)
  14 spark wasps (Depths:3)
  4 purple draconians
  7 deep elf annihilators
  3 lorocyprocas
  10 white draconians
  12 red draconians
  16 yellow draconians
  An eidolon (Vaults:2)
  A crystal guardian (Desolation)
  2 blizzard demons (Hell)
  6 deep elf death magi
  Josephine (Swamp:1)
  21 ettins
  4 death oozes (Lair:6)
  11 great orbs of eyes
  3 deep elf high priests (Elf:3)
  A jiangshi (Vaults:2)
  16 fire dragons
  The ghost of nikopol the Spear-Bearer, a journeyman MiBe of Trog (Lair:1)
  8 servants of whispers (Desolation)
  15 yaktaur captains
  A kraken zombie (Hell)
  8 ragged hierophants (Desolation)
  7 peacekeepers (Desolation)
  Harold (D:11)
  23 hydras
  5 rakshasas
  15 ice dragons
  17 naga warriors
  A hell beast (D:15)
  43 vault guards
  A monstrous demonspawn (D:6)
  8 spriggan air magi
  18 anacondas
  A ghost crab (Swamp:2)
  4 catoblepae
  An anaconda (shapeshifter) (Depths:3)
  Erica (D:10)
  5 death knights
  10 centaur warriors
  16 deep troll earth magi
  32 dancing weapons
  12 alligators
  13 death yaks
  19 ogre magi
  8 deep troll shamans
  10 tengu warriors
  A vampire mage (Depths:4)
  6 orc high priests
  14 naga sharpshooters
  5 soul eaters (Hell)
  8 spriggan berserkers
  Urug (Lair:2)
  12 shock serpents
  46 deep elf knights
  Sonja (D:14)
  8 sun demons
  Nergalle (D:11)
  3 shadow wraiths
  5 iron trolls
  11 skeletal warriors
  A fire crab (shapeshifter) (D:14)
  9 salamander mystics
  14 hell knights
  A death drake (shapeshifter) (Vaults:1)
  4 sixfirhies
  A shambling mangrove (Swamp:3)
  2 spriggan druids
  35 deep trolls
  4 flayed ghosts
  3 unseen horrors
  2 anaconda zombies (Hell)
  2 torturous demonspawn (Depths:2)
  2 gelid demonspawn (D:5)
  An unseen horror (shapeshifter) (Vaults:5)
  7 glowing orange brains
  An infernal demonspawn (D:6)
  21 deep elf archers
  13 naga ritualists
  10 swamp dragons
  7 hill giants
  6 wizards
  26 ironbrand convokers
  4 lindwurms (Snake:4)
  6 phantasmal warriors
  26 orc knights
  5 large abominations
  2 tengu skeletons
  An orb spider (shapeshifter) (Depths:5)
  A harpy (shapeshifter) (Depths:4)
  12 harpies
  2 wolf spiders
  2 fire giant zombies
  22 mana vipers
  11 necromancers
  An oklob plant (Lair:4)
  25 salamanders
  A wolf spider (shapeshifter) (Vaults:5)
  4 orc sorcerers
  A stone giant zombie (Depths:2)
  3 manticores
  54 ugly things
  A faun (shapeshifter) (Vaults:4)
  4 cyclopes
  84 deep elf magi
  43 moths of wrath
  An iron dragon skeleton (Depths:2)
  3 human skeletons
  5 elephants (Lair:3)
  A salamander (shapeshifter) (Vaults:1)
  13 guardian serpents
  11 rust devils
  52 black mambas
  A frost giant skeleton (Depths:1)
  3 black mambas (shapeshifter)
  14 vault sentinels
  A torpor snail (Lair:3)
  An ice statue (IceCv)
  24 naga magi
  2 smoke demons
  Psyche (D:11)
  A gargoyle (D:10)
  7 orange demons
  A water nymph (shapeshifter) (Depths:2)
  26 spiny frogs
  3 molten gargoyles
  A yaktaur zombie (Vaults:4)
  2 rime drakes
  5 demonic crawlers
  11 komodo dragons
  82 yaktaurs
  A tormentor (Depths:5)
  2 small abominations (Elf:3)
  11 freezing wraiths
  6 tengu conjurers
  A hellwing (D:6)
  A hydra zombie (Hell)
  2 jumping spiders (shapeshifter)
  2 ice devils
  6 trolls
  2 red devils (D:1)
  4 wind drakes (Depths:1)
  13 polar bears (IceCv)
  A tyrant leech (shapeshifter) (Vaults:5)
  2 queen bees (shapeshifter)
  32 two-headed ogres
  8 tyrant leeches
  5 bog bodies
  57 saltlings (Desolation)
  32 hornets
  2 ettin zombies
  34 blink frogs
  2 deep troll zombies (Depths:1)
  A blink frog (shapeshifter) (D:14)
  A hydra skeleton (Hell)
  12 hippogriffs
  55 slime creatures
  4 dream sheep (Lair:6)
  A fire giant simulacrum (Vaults:2)
  An ice dragon zombie (Depths:1)
  4 shadows
  3 redbacks
  6 tarantellas
  2 ynoxinuls
  A tarantella (shapeshifter) (Depths:4)
  2 redbacks (shapeshifter)
  10 air elementals
  A spriggan (shapeshifter) (Depths:5)
  22 spriggans
  4 hogs
  7 wyverns
  8 wraiths
  A vampire (D:15)
  A human (D:8)
  4 water elementals
  92 yaks
  A yak (shapeshifter) (Vaults:4)
  9 fire elementals
  A hog (shapeshifter) (Vaults:4)
  3 basilisks
  A human simulacrum (Vaults:2)
  A golden eye (shapeshifter) (Vaults:5)
  3 hungry ghosts
  3 chaos spawn
  2 neqoxecs
  A mottled dragon (shapeshifter) (Zot:1)
  3 mottled dragons
  22 vampire mosquitoes
  21 swamp worms
  62 nagas
  8 wargs
  A soldier ant (shapeshifter) (Depths:5)
  21 insubstantial wisps
  3 soldier ants
  18 water moccasins
  A porcupine (shapeshifter) (Depths:4)
  10 porcupines
  4 spiny frog zombies (Hell)
  68 orc warriors
  A floating eye (Depths:3)
  12 swamp drakes
  An eye of draining (shapeshifter) (Depths:4)
  11 ice beasts
  2 black bears
  5 necrophages
  4 phantoms
  A sky beast (D:7)
  13 boggarts
  An ogre (shapeshifter) (Depths:4)
  An eye of draining (D:15)
  A hornet zombie (D:15)
  21 centaurs
  66 ogres
  A centaur (shapeshifter) (Vaults:5)
  28 wolves
  19 crocodiles
  4 big kobolds
  34 bullfrogs
  A wyvern zombie (D:11)
  8 gnoll sergeants
  6 earth elementals
  7 scorpions
  A water moccasin skeleton (D:7)
  18 killer bees
  An orc simulacrum (Vaults:1)
  7 wights
  3 electric eels
  5 howler monkeys (D:12)
  14 crimson imps
  7 lava snakes
  2 bullfrog zombies (D:5)
  4 centaur zombies
  A quasit (D:7)
  3 centaur skeletons
  Crazy Yiuf (D:3)
  13 jellies
  3 bullfrog skeletons
  19 hounds
  44 orc priests
  3 iron imps
  4 iguanas
  Ijyb (D:3)
  Natasha (thrice) (D:3)
  32 orc wizards
  A hell rat (shapeshifter) (Vaults:5)
  8 hell rats
  14 worker ants
  A killer bee zombie (D:5)
  3 hound zombies
  A hound skeleton (D:5)
  2 howler monkey skeletons
  3 worker ant zombies
  7 gnolls
  8 river rats (Lair:2)
  14 adders
  4 shadow imps
  2 ufetubi
  7 oozes
  2 adder zombies
  4 adder skeletons
  3 worms
  A ball lightning (Depths:1)
  3 dart slugs
  6 leopard geckos
  162 orcs
  8 ball pythons
  2 bat zombies (D:5)
  10 giant cockroaches
  9 hobgoblins
  25 jackals
  22 kobolds
  12 quokkas
  9 bats
  3 frilled lizards
  10 goblins
  A leopard gecko zombie (D:6)
  A quokka skeleton (D:9)
  13 rats
  2 rat zombies (D:5)
  4 briar patches
  2 plants
3360 creatures vanquished.

Vanquished Creatures (collateral kills)
  A fire giant (Depths:4)
  A draconian zealot (Zot:1)
  A green draconian (Zot:1)
  A purple draconian (Zot:5)
  An ogre mage (Vaults:4)
  A yaktaur captain (Depths:5)
  2 harpies
  A naga (Snake:1)
  An ogre (Vaults:4)
10 creatures vanquished.

Vanquished Creatures (others)
  A golden dragon (Depths:4)
  A draconian annihilator (Zot:2)
  3 stone giants
  A fire dragon (Depths:1)
  5 yaktaur captains
  A tengu warrior (Depths:2)
  A deep elf mage (Vaults:2)
  A moth of wrath (Zot:5)
  9 yaktaurs
  A two-headed ogre (Vaults:4)
  2 humans (D:15)
  A boggart (shapeshifter) (Vaults:5)
  An ogre (Vaults:3)
  2 centaurs
  A bullfrog (D:15)
  2 wights (D:15)
  A jelly (D:15)
  A shadow imp (D:11)
  7 ball lightnings (Depths:1)
  A briar patch (Swamp:3)
  17 fungi
  43 plants
  6 tentacles (Hell)
109 creatures vanquished.

Grand Total: 3479 creatures vanquished

Notes
Turn   | Place    | Note
-------+----------+-------------------------------------------
     0 | D:1      | dvd the Naga Warper began the quest for the Orb.
     0 | D:1      | Reached XP level 1. HP: 19/19 MP: 3/3
   219 | D:1      | Reached XP level 2. HP: 6/26 MP: 5/5
   471 | D:1      | Learned a level 2 spell: Blink
   474 | D:1      | Learned a level 2 spell: Shroud of Golubria
   503 | D:1      | Reached skill level 1 in Throwing
   976 | D:1      | Reached XP level 3. HP: 33/33 MP: 6/6
   988 | D:1      | Reached skill level 1 in Armour
  1871 | D:2      | Reached skill level 1 in Stealth
  1871 | D:2      | Reached XP level 4. HP: 13/40 MP: 3/7
  2482 | D:2      | Learned a level 3 spell: Teleport Other
  2894 | D:2      | Noticed a moth of wrath
  2897 | D:2      | Found a bloodstained altar of Trog.
  3367 | D:3      | Noticed Grinder
  3604 | D:3      | Found a stormy altar of Qazlal.
  3606 | D:3      | Noticed a fire elemental
  3607 | D:3      | Noticed an air elemental
  3607 | D:3      | Noticed an earth elemental
  3607 | D:3      | Noticed a water elemental
  3820 | D:3      | Reached XP level 5. HP: 29/48 MP: 6/8
  3821 | D:3      | Noticed Ijyb
  3938 | D:3      | Noticed Natasha
  3949 | D:3      | Killed Natasha
  3949 | D:3      | Reached skill level 1 in Charms
  3977 | D:3      | Killed Ijyb
  4110 | D:3      | Noticed Natasha
  4395 | D:3      | Noticed barbarian's ghost (amateur GrEn)
  4754 | D:3      | Killed Natasha
  4754 | D:3      | Reached XP level 6. HP: 31/56 MP: 5/10
  5096 | D:3      | Noticed Natasha
  5109 | D:3      | Killed Natasha
  5451 | D:3      | Found a runed door.
  5632 | D:3      | Noticed Crazy Yiuf
  5642 | D:3      | Killed Crazy Yiuf
  5899 | D:4      | Found a staircase to the Ecumenical Temple.
  5910 | D:4      | Noticed an orc warrior
  5917 | Temple   | Entered the Ecumenical Temple
  5962 | Temple   | Became a worshipper of Cheibriados the Contemplative
  6143 | D:4      | Reached XP level 7. HP: 37/62 MP: 5/11
  6746 | D:5      | Entered Level 5 of the Dungeon
  7019 | D:5      | Reached * piety under Cheibriados
  7570 | D:5      | Found a bloodstained altar of Trog.
  7625 | D:5      | Found an ancient bone altar of Kikubaaqudgha.
  7734 | D:5      | Found a hazy altar of Hepliaklqana.
  8098 | D:5      | Found a glowing silver altar of Zin.
  8293 | D:6      | Learned a level 3 spell: Lesser Beckoning
  8653 | D:7      | Reached XP level 8. HP: 47/69 MP: 13/13
  8753 | D:7      | Reached skill level 4 in Translocations
  9002 | D:7      | Reached ** piety under Cheibriados
  9030 | D:7      | Reached skill level 5 in Polearms
  9258 | D:7      | Noticed a hippogriff
  9819 | D:7      | Gained mutation: You are occasionally teleported next to monsters. [potion of mutation]
  9819 | D:7      | Gained mutation: You are resistant to hostile enchantments. (MR+) [potion of mutation]
 10065 | D:7      | Noticed a hippogriff
 10083 | D:7      | Killed a hippogriff
 10083 | D:7      | Reached skill level 5 in Translocations
 10083 | D:7      | Reached XP level 9. HP: 68/78 MP: 12/15
 10124 | D:7      | Found a sacrificial altar of Ru.
 10324 | D:6      | Reached *** piety under Cheibriados
 10382 | D:6      | Reached skill level 1 in Evocations
 10616 | D:5      | Reached skill level 5 in Spellcasting
 11136 | D:6      | Reached **** piety under Cheibriados
 12019 | D:7      | Learned a level 3 spell: Portal Projectile
 12063 | D:7      | Reached skill level 6 in Translocations
 12447 | D:8      | Reached XP level 10. HP: 84/87 MP: 12/18
 13349 | D:8      | Reached skill level 5 in Fighting
 13543 | D:8      | Learned a level 4 spell: Passage of Golubria
 13991 | D:8      | Reached skill level 5 in Dodging
 14533 | D:8      | Reached ***** piety under Cheibriados
 15021 | D:9      | Got a fine scale mail
 15032 | D:9      | Identified the +9 scale mail of the Tormentor {*Corrode rC+++ rN+ Str+4} (You found it on level 9 of the Dungeon)
 15312 | D:9      | Reached skill level 7 in Translocations
 15962 | D:9      | Reached XP level 11. HP: 54/96 MP: 18/20
 15963 | D:9      | Reached skill level 1 in Invocations
 16576 | D:9      | Reached skill level 5 in Stealth
 16702 | D:10     | Entered Level 10 of the Dungeon
 16775 | D:10     | Reached ****** piety under Cheibriados
 16779 | D:10     | Reached skill level 1 in Axes
 16786 | D:10     | Noticed Erica
 16794 | D:10     | Killed Erica
 17648 | D:10     | Noticed an unseen horror
 17656 | D:10     | Killed an unseen horror
 17931 | D:11     | Noticed a hill giant
 18132 | D:11     | Noticed a hill giant
 18149 | D:11     | Killed a hill giant
 18400 | D:11     | Noticed a manticore
 18406 | D:11     | Killed a manticore
 18475 | D:11     | Noticed Psyche
 18482 | D:11     | Killed Psyche
 18482 | D:11     | Reached skill level 5 in Axes
 18482 | D:11     | Reached skill level 5 in Invocations
 18603 | D:11     | Killed a hill giant
 18603 | D:11     | Reached skill level 5 in Charms
 18603 | D:11     | Reached XP level 12. HP: 84/105 MP: 18/22
 18619 | D:11     | Found a staircase to the Lair.
 18756 | D:11     | Noticed Harold
 18769 | D:11     | Killed Harold
 18968 | D:11     | Noticed a four-headed hydra
 19059 | D:11     | Noticed Nergalle
 19066 | D:11     | Killed Nergalle
 19100 | D:11     | Found a staircase to the Orcish Mines.
 19201 | D:11     | Killed a five-headed hydra
 19832 | D:12     | Gained mutation: You possess an exceptional clarity of mind. [mutagenic meat]
 19833 | D:12     | Gained mutation: You are somewhat resistant to further mutation. [mutagenic meat]
 20043 | D:12     | Found a glowing golden altar of the Shining One.
 20120 | Lair:1   | Entered Level 1 of the Lair of Beasts
 20256 | Lair:1   | Noticed nikopol's ghost (journeyman MiBe)
 20273 | Lair:1   | Killed nikopol's ghost
 20273 | Lair:1   | Gained mutation: You can use your snake-like lower body to constrict enemies. [Naga growth]
 20273 | Lair:1   | Reached XP level 13. HP: 108/114 MP: 23/23
 20555 | Lair:1   | Reached skill level 5 in Armour
 21193 | Lair:2   | Found a staircase to the Swamp.
 22366 | Lair:3   | Noticed Urug
 22389 | Lair:2   | Killed Urug
 22514 | Lair:3   | Reached skill level 8 in Translocations
 22596 | Lair:3   | Found a staircase to the Snake Pit.
 22643 | Lair:3   | Reached skill level 1 in Shields
 22899 | Lair:3   | Reached skill level 5 in Throwing
 23884 | Lair:4   | Found a frozen archway.
 23895 | Lair:4   | Reached XP level 14. HP: 123/123 MP: 23/25
 24142 | IceCv    | Entered an ice cave
 24943 | IceCv    | Noticed a frost giant
 24959 | IceCv    | Killed a frost giant
 25457 | Lair:4   | Reached skill level 10 in Polearms
 27407 | Lair:6   | Entered Level 6 of the Lair of Beasts
 27407 | Lair:6   | Noticed Nessos
 27416 | Lair:6   | Killed Nessos
 27416 | Lair:6   | Reached skill level 9 in Translocations
 27564 | Lair:6   | Found a staircase to the Slime Pits.
 27709 | Lair:6   | Found a viscous altar of Jiyva.
 27719 | Lair:6   | Reached XP level 15. HP: 132/132 MP: 21/27
 27722 | Lair:6   | Noticed an acid blob
 28209 | Lair:6   | Killed an acid blob
 30238 | Orc:1    | Entered Level 1 of the Orcish Mines
 30297 | Orc:1    | Found Nauxo's Gadget Shop.
 30339 | Orc:1    | Found Juavuq's Armour Boutique.
 30392 | Orc:1    | Found Boedwoiwyl's Magic Scroll Shoppe.
 30862 | Orc:1    | Reached XP level 16. HP: 141/141 MP: 29/29
 30893 | Orc:1    | Found Parroetz's Armour Boutique.
 31129 | Orc:2    | Entered Level 2 of the Orcish Mines
 31503 | Orc:2    | Found a staircase to the Elven Halls.
 32329 | Orc:2    | Found Aclitoat's Distillery.
 32332 | Orc:2    | Found Inoicoun's Food Emporium.
 32333 | Orc:2    | Found Weutikluat's Magic Scroll Shoppe.
 32334 | Orc:2    | Found Koq Quan's Distillery.
 32342 | Orc:2    | Bought 2 potions of mutation for 65 gold pieces
 32343 | Orc:2    | Lost mutation: You are occasionally teleported next to monsters. [potion of mutation]
 32347 | Orc:2    | Bought a potion of heal wounds for 60 gold pieces
 32347 | Orc:2    | Bought a potion of cure mutation for 300 gold pieces
 32351 | Orc:2    | Bought a scroll of blinking for 90 gold pieces
 32351 | Orc:2    | Bought a scroll of enchant weapon for 90 gold pieces
 32355 | Orc:2    | Bought a potion of heal wounds for 65 gold pieces
 32355 | Orc:2    | Bought a potion of curing for 39 gold pieces
 32355 | Orc:2    | Bought a potion of cure mutation for 325 gold pieces
 32355 | Orc:2    | Bought 2 potions of curing for 78 gold pieces
 32355 | Orc:2    | Bought a potion of curing for 39 gold pieces
 32690 | D:13     | Found a gate to the Vaults.
 32863 | D:13     | Reached skill level 10 in Translocations
 33093 | D:13     | Got a distressingly furry robe
 33104 | D:13     | Identified the +2 robe "Lupn" {rF- rC+ rCorr} (You found it on level 13 of the Dungeon)
 33465 | D:13     | Learned a level 2 spell: Call Imp
 33578 | Snake:1  | Entered Level 1 of the Snake Pit
 33755 | Snake:1  | Reached skill level 10 in Spellcasting
 34306 | Snake:2  | Reached skill level 1 in Summonings
 34656 | Snake:2  | Reached skill level 5 in Shields
 34815 | Snake:2  | Noticed a nagaraja
 34824 | Snake:2  | Killed a nagaraja
 34945 | Snake:2  | Reached XP level 17. HP: 140/150 MP: 27/31
 35876 | Snake:3  | Identified the Collected Works on Doomed Flames
 37151 | Snake:4  | Entered Level 4 of the Snake Pit
 37164 | Snake:4  | Reached skill level 10 in Throwing
 37332 | Snake:4  | Found Pegyhealo's Food Shoppe.
 37761 | Snake:4  | Reached XP level 18. HP: 128/159 MP: 21/33
 37900 | Snake:4  | Noticed Saint Roka
 37906 | Snake:4  | Reached skill level 11 in Translocations
 37916 | Snake:4  | Killed Saint Roka
 39274 | Snake:4  | Got a serpentine rune of Zot
 39563 | Snake:4  | Reached XP level 19. HP: 168/168 MP: 23/34
 39601 | Snake:4  | Reached skill level 5 in Summonings
 40106 | Snake:2  | Reached skill level 10 in Fighting
 40220 | Swamp:1  | Entered Level 1 of the Swamp
 40278 | Swamp:1  | Noticed Josephine
 40293 | Swamp:1  | Killed Josephine
 40614 | Swamp:1  | Noticed Roxanne
 40682 | Swamp:1  | Killed Roxanne
 40686 | Swamp:1  | Identified Roxanne's Catalogue of Transmigration (You took it off Roxanne on level 1 of the Swamp)
 41913 | Swamp:3  | Reached skill level 12 in Translocations
 42689 | Swamp:4  | Entered Level 4 of the Swamp
 42892 | Swamp:4  | Reached XP level 20. HP: 110/177 MP: 21/36
 43096 | Swamp:4  | Got a decaying rune of Zot
 43627 | Elf:1    | Entered Level 1 of the Elven Halls
 43960 | Elf:1    | Reached skill level 10 in Shields
 43964 | Elf:1    | Found a ruined gateway.
 43973 | Desolati | Entered the Desolation of Salt
 44506 | Desolati | Got a warped turquoise ring
 44563 | Desolati | Identified the ring "Sippic" {Wiz Dex+3 Stlth+} (You found it in the Desolation of Salt)
 44739 | Desolati | Got a pitted battleaxe
 44748 | Desolati | Identified the +9 battleaxe "Symic" {flame, *Noise Str+4} (You found it in the Desolation of Salt)
 44756 | Desolati | Identified the Volume of Enchantment and Envenoming
 44767 | Desolati | Got a shimmering wooden ring
 44769 | Desolati | Identified the ring "Yficiz" {rElec rN+ Int+3} (You found it in the Desolation of Salt)
 44939 | Desolati | Identified Cocsinut's Catalogue of Torrid Clay
 44963 | Desolati | Got a fine chain mail
 44974 | Desolati | Identified the +4 chain mail of Gunt {-Tele rPois rC+ MR+} (You found it in the Desolation of Salt)
 44988 | Desolati | Identified the Incunabulum of Articulation
 45180 | Desolati | Reached skill level 10 in Stealth
 45738 | Elf:1    | Reached XP level 21. HP: 137/187 MP: 29/37
 46276 | Elf:2    | Noticed Jorgrun
 46292 | Elf:2    | Killed Jorgrun
 46444 | Elf:2    | Found a runed gate.
 46444 | Elf:2    | Found a runed gate.
 46449 | Elf:2    | Found a runed gate.
 46728 | Elf:2    | Found a radiant altar of Vehumet.
 47071 | Elf:2    | Noticed Louise
 47082 | Elf:2    | Killed Louise
 47536 | Elf:3    | Entered Level 3 of the Elven Halls
 47634 | Elf:3    | Noticed Bai Suzhen
 47664 | Elf:3    | Killed Bai Suzhen
 47958 | Elf:3    | Reached skill level 13 in Translocations
 47958 | Elf:3    | Reached skill level 10 in Invocations
 48107 | Elf:3    | Found Ruciriut's Antique Weapon Boutique.
 48272 | Elf:3    | Reached XP level 22. HP: 141/195 MP: 33/39
 48487 | Elf:3    | Got a flickering granite ring
 48491 | Elf:3    | Identified the ring of the Ancients {rCorr +Inv Int+2 Dex+4} (You took it off a deep elf mage on level 3 of the Elven Halls)
 48497 | Elf:3    | Got a jewelled great sword {slice}
 48608 | Elf:3    | Got a heavily runed brass ring
 48610 | Elf:3    | Identified the cursed ring of Fedoust {Dex+4 Slay-3} (You took it off a deep elf demonologist on level 3 of the Elven Halls)
 48976 | Elf:3    | Got a polished shield
 48987 | Elf:3    | Identified the +4 shield of the Ward {+Inv rPois rCorr SInv} (You found it on level 3 of the Elven Halls)
 49005 | Elf:3    | Identified the +5 great sword "Tyetracs" {slice, Int+3} (You took it off a deep elf mage on level 3 of the Elven Halls)
 49060 | Elf:3    | Identified the Papyrus of Entrancing Fire
 49080 | Elf:3    | Got a flickering amethyst amulet
 49082 | Elf:3    | Identified the amulet "Eseef" {Inacc +Fly rElec rC-} (You found it on level 3 of the Elven Halls)
 49128 | Elf:3    | Identified the Reference Book on Assistive Flight
 49200 | Elf:3    | Got a bloodstained falchion
 49201 | Elf:3    | Identified the +7 falchion "Impslayer" {flame, *Corrode rElec SInv} (You found it on level 3 of the Elven Halls)
 49591 | D:14     | Noticed Sonja
 49593 | D:14     | Killed Sonja
 49915 | D:14     | Got a steaming halberd
 49921 | D:14     | Identified the cursed +0 halberd of Beogh's Regard {distort, MR+ Str+3 Dex+3} (You found it on level 14 of the Dungeon)
 50023 | D:15     | Entered Level 15 of the Dungeon
 50069 | D:15     | Found a portal to a secret trove of treasure.
 50111 | D:15     | You paid a toll of 4 potions of cure mutation to enter a treasure trove
 50112 | Trove    | Entered a treasure trove
 50117 | Trove    | Got a translucent ivory ring
 50119 | Trove    | Got a smoking bronze ring
 50121 | Trove    | Got a translucent silver amulet
 50124 | Trove    | Got a glittering granite ring
 50135 | Trove    | Got a pitted platinum ring
 50144 | Trove    | Got a shimmering jade ring
 50148 | Trove    | Got a shimmering graven amulet
 50154 | Trove    | Identified the amulet "Vuithrire" {RegenMP -Tele Str+6 Int+2 Dex+4} (You found it in a treasure trove)
 50158 | Trove    | Identified the amulet "Koon" {Gourm rF+ MR++ Int-5 Stlth+} (You found it in a treasure trove)
 50161 | Trove    | Identified the ring "Jappathro" {rElec Str+3 Int+3} (You found it in a treasure trove)
 50163 | Trove    | Identified the ring "Tiradi" {MP+9 Dex+7} (You found it in a treasure trove)
 50167 | Trove    | Identified the ring of the Leaf {Str+3 Int+4 Dex+3} (You found it in a treasure trove)
 50192 | D:15     | Identified the ring "Piff" {MR+ Str+4} (You found it in a treasure trove)
 50195 | D:15     | Identified the ring of Activism {+Inv rF+ MR+ Int+2 Dex-5} (You found it in a treasure trove)
 50234 | D:15     | Noticed Kirke
 50250 | D:15     | Killed Kirke
 51130 | D:15     | Found a staircase to the Depths.
 51197 | D:15     | Upgraded the game from 0.19.0-2-gae57169 to 0.19.0-11-g3fc08b3
 51266 | Vaults:1 | Entered Level 1 of the Vaults
 51380 | Vaults:1 | Noticed Nikola
 51396 | Vaults:1 | Killed Nikola
 51523 | Vaults:1 | Found Odit's Gadget Emporium.
 52304 | Vaults:1 | Got a scorched scale mail
 52305 | Vaults:1 | Identified the +6 scale mail of Fedhas's Generosity {Dex+2} (You took it off a vault guard on level 1 of the Vaults)
 52585 | Vaults:1 | Reached XP level 23. HP: 204/204 MP: 41/41
 53202 | Vaults:2 | Found a staircase to the Crypt.
 53248 | Vaults:2 | Noticed Asterion
 53280 | Vaults:2 | Reached skill level 10 in Armour
 53284 | Vaults:2 | Killed Asterion
 54040 | Vaults:2 | Learned a level 4 spell: Olgreb's Toxic Radiance
 54051 | Vaults:2 | Reached skill level 14 in Translocations
 54082 | Vaults:2 | Reached skill level 1 in Poison Magic
 54096 | Vaults:2 | Reached skill level 10 in Charms
 54360 | Vaults:2 | Learned a level 3 spell: Regeneration
 54363 | Vaults:2 | Learned a level 2 spell: Song of Slaying
 55362 | Vaults:3 | Reached skill level 10 in Dodging
 55489 | Vaults:3 | Reached XP level 24. HP: 193/216 MP: 23/41
 55825 | Vaults:3 | Reached skill level 5 in Poison Magic
 56453 | Vaults:3 | Upgraded the game from 0.19.0-11-g3fc08b3 to 0.19.0-18-g426998a
 56773 | Vaults:4 | Reached skill level 15 in Spellcasting
 56953 | Vaults:4 | Learned a level 6 spell: Deflect Missiles
 56961 | Vaults:4 | Learned a level 4 spell: Summon Lightning Spire
 56991 | Vaults:4 | Reached skill level 1 in Air Magic
 57526 | Elf:1    | Learned a level 8 spell: Disjunction
 58709 | Vaults:5 | Entered Level 5 of the Vaults
 58724 | Vaults:5 | Reached XP level 25. HP: 225/225 MP: 19/42
 59063 | Vaults:5 | Found Tevesi's Magic Scroll Shop.
 59081 | Vaults:5 | Reached skill level 5 in Air Magic
 59181 | Vaults:5 | Bought a scroll of enchant armour for 135 gold pieces
 59359 | Vaults:5 | Got a faintly glowing chain mail
 59377 | Vaults:5 | Identified the +3 chain mail of Wonder {Str+3 Int+5} (You took it off a vault warden on level 5 of the Vaults)
 59432 | Vaults:5 | Got an ancient copper ring
 59436 | Vaults:5 | Identified the ring of Xubypei {rF+ EV+6 Str+8 Dex-4} (You took it off a vault sentinel on level 5 of the Vaults)
 59470 | Vaults:5 | Reached skill level 15 in Polearms
 59757 | Vaults:5 | Found Dauffak's Gadget Shoppe.
 59768 | Vaults:5 | Got a silver rune of Zot
 60279 | Vaults:5 | Identified Isoeck's Guide on Flames and Changing
 60294 | Vaults:5 | Got a brightly glowing halberd
 60301 | Vaults:5 | Identified the +8 halberd "Asits" {protect, rF+ Str+5} (You found it on level 5 of the Vaults)
 60309 | Vaults:5 | Got a twitching pewter amulet
 60312 | Vaults:5 | Got a transparent robe
 60345 | Vaults:5 | Identified the +2 robe of Amelioration {*Drain rElec rC+ Str+4} (You took it off an ironheart preserver on level 5 of the Vaults)
 60366 | Vaults:5 | Found Naixtun's Antique Weapon Shoppe.
 60433 | Vaults:5 | Reached skill level 15 in Shields
 60455 | Vaults:5 | Got a glittering ruby amulet
 60470 | Vaults:5 | Identified the amulet "Jotoa" {Reflect rF+ rC+ Str+4 SH+2 Stlth-} (You took it off an ironheart preserver on level 5 of the Vaults)
 60472 | Vaults:5 | Identified the amulet "Ciytodu" {Faith Str+4 Int+4} (You found it on level 5 of the Vaults)
 60483 | Vaults:5 | Identified a +1 rod of inaccuracy (14/14) (You found it on level 5 of the Vaults)
 60543 | Vaults:5 | Reached XP level 26. HP: 236/236 MP: 33/42
 60810 | Vaults:5 | Reached skill level 15 in Translocations
 61121 | Vaults:5 | Learned a level 3 spell: Ignite Poison
 61574 | Depths:1 | Entered Level 1 of the Depths
 61875 | Depths:1 | Found Ciabacw's Magic Scroll Shoppe.
 62025 | Depths:1 | Found a gateway to Hell.
 63165 | Depths:2 | Noticed bananaglory's ghost (veteran TeAs)
 63197 | Depths:2 | Killed bananaglory's ghost
 63266 | Depths:2 | Found a one-way gate leading to the halls of Pandemonium.
 63615 | Depths:3 | Found a one-way gate to the infinite horrors of the Abyss.
 63756 | Depths:3 | Reached XP level 27. HP: 244/244 MP: 43/43
 64139 | Depths:3 | Reached skill level 10 in Poison Magic
 64177 | Depths:3 | Reached skill level 16 in Translocations
 64231 | Depths:3 | Noticed a juggernaut
 64259 | Depths:3 | Killed a juggernaut
 64629 | Depths:3 | Paralysed by a floating eye for 4 turns
 64992 | Depths:2 | Upgraded the game from 0.19.0-18-g426998a to 0.19.0-19-g8c6edcc
 65079 | Depths:4 | Noticed Boris
 65095 | Depths:4 | Killed Boris
 65271 | Depths:4 | Found a gateway to a ziggurat.
 65639 | Depths:4 | Reached skill level 17 in Translocations
 66077 | Depths:4 | Reached skill level 1 in Fire Magic
 66516 | Depths:5 | Entered Level 5 of the Depths
 67080 | Depths:5 | Found a gate to the Realm of Zot.
 67309 | Depths:5 | Reached skill level 1 in Transmutations
 67832 | Hell     | Entered the Vestibule of Hell
 67832 | Hell     | Noticed Geryon
 67868 | Hell     | Killed Geryon
 68235 | Hell     | Found a gateway to the decaying netherworld of Tartarus.
 68305 | Hell     | Found a gateway to the ashen valley of Gehenna.
 68420 | Hell     | Found a gateway to the Iron City of Dis.
 68622 | Hell     | Found a gateway to the freezing wastes of Cocytus.
 68633 | Hell     | Reached skill level 18 in Translocations
 69178 | Orc:1    | Bought the +11 gold dragon scales of the Monkey {rPois rF+ rC+ Str+8 Dex-2} for 2291 gold pieces
 69583 | Zot:1    | Entered Level 1 of the Realm of Zot
 69758 | Zot:1    | Reached skill level 15 in Fighting
 71616 | Zot:3    | Noticed an orb of fire
 71625 | Zot:3    | Gained mutation: You occasionally shout uncontrollably at your foes. [an orb of fire]
 71628 | Zot:3    | Killed an orb of fire
 72703 | Zot:4    | Reached skill level 19 in Translocations
 73044 | Zot:5    | Entered Level 5 of the Realm of Zot
 73082 | Zot:5    | Reached skill level 1 in Necromancy
 73442 | Zot:5    | Noticed an ancient lich
 73447 | Zot:5    | Killed an ancient lich
 73466 | Zot:5    | Noticed an orb of fire
 73471 | Zot:5    | Gained mutation: Your flesh is heat resistant. (rF+) [an orb of fire]
 73493 | Zot:5    | Killed an orb of fire
 73531 | Zot:5    | Noticed an orb of fire
 74040 | Zot:5    | Gained mutation: Your magical capacity is low. (-10% MP) [an orb of fire]
 74056 | Zot:5    | Killed an orb of fire
 74088 | Zot:5    | Noticed an orb of fire
 74111 | Zot:5    | Killed an orb of fire
 74406 | Zot:5    | Noticed an orb of fire
 74430 | Zot:5    | Gained mutation: You are partially covered in molten scales. (AC +2) [an orb of fire]
 74432 | Zot:5    | Killed an orb of fire
 74781 | Zot:5    | Reached skill level 15 in Poison Magic
 74790 | Zot:5    | Noticed Stev's ghost (legendary DgEE)
 74821 | Zot:5    | Killed Stev's ghost
 74823 | Zot:5    | Reached skill level 20 in Translocations
 75099 | Zot:5    | Got the Orb of Zot
 75219 | Zot:2    | Noticed Boug the pandemonium lord
 75225 | Zot:2    | Killed Boug the pandemonium lord
 75291 | Zot:1    | Noticed Walouph the pandemonium lord
 75311 | Zot:1    | Killed Walouph the pandemonium lord
 75415 | Depths:5 | Noticed Luus the pandemonium lord
 75427 | Depths:5 | Killed Luus the pandemonium lord
 75633 | D:15     | Noticed Mojukk the pandemonium lord
 75647 | D:15     | Killed Mojukk the pandemonium lord
 75660 | D:15     | Noticed Veamoczo the pandemonium lord
 75665 | D:15     | Killed Veamoczo the pandemonium lord
 76001 | D:6      | Noticed Ipneimyxiw the pandemonium lord
 76026 | D:6      | Killed Ipneimyxiw the pandemonium lord
 76383 | D:$      | Escaped with the Orb!

Skill      XL: |  1  2  3  4  5  6  7  8  9 10 11 12 13 14 15 16 17 18 19 20 21 22 23 24 25 26 27 |
---------------+----------------------------------------------------------------------------------+-----
Throwing       | 1 2 4 5 6 7 9 10 11 12 13 14 | 14.5
Armour         | 1 2 4 5 6 7 8 9 10 14 | 14.5
Stealth        | 1 2 3 4 5 6 7 8 9 10 11 12 | 12.4
Dodging        | 2 3 4 5 6 7 8 9 10 11 | 11.8
Polearms       | 3 4 6 8 9 10 11 12 13 14 15 17 | 17.9
Charms         | 1 2 3 4 5 6 7 8 9 10 12 | 12.2
Fighting       | 3 4 5 6 7 8 9 10 11 12 13 14 16 | 16.8
Spellcasting   | 3 4 5 6 7 8 9 10 11 12 13 14 15 16 19 | 19.6
Translocations | 5 6 7 8 9 10 11 12 13 14 15 20 | 20.5
Evocations     | 1 2 |  2.9
Invocations    | 5 7 8 9 10 11 | 11.0
Axes           | 5 7 8 |  8.4
Shields        | 2 3 4 5 6 7 9 10 11 12 13 14 15 19 | 19.1
Summonings     | 1 4 5 |  5.8
Poison Magic   | 4 7 8 9 15 | 15.2
Air Magic      | 3 6 7 8 |  8.6
Fire Magic     | 3 |  3.7
Transmutations | 3 |  3.8
Necromancy     | 2 |  2.1

Action                   |  1- 3 |  4- 6 |  7- 9 | 10-12 | 13-15 | 16-18 | 19-21 | 22-24 | 25-27 || total
-------------------------+-------+-------+-------+-------+-------+-------+-------+-------+-------++-------
Melee: Spear             |   133 |   324 |   803 |    84 |  1014 |  1042 |  1623 |  1037 |       ||  6060
       Trident           |       |       |   128 |   453 |       |       |       |       |       ||   581
       Battleaxe         |       |       |       |   178 |    22 |       |       |       |       ||   200
       Scimitar          |       |       |       |     2 |       |       |       |       |       ||     2
       Constrict         |       |       |       |       |   196 |   181 |   272 |   316 |   374 ||  1339
       War axe           |       |       |       |       |    14 |     1 |       |       |       ||    15
       Glaive            |       |       |       |       |     6 |       |       |       |       ||     6
       Demon trident     |       |       |       |       |       |       |       |  1034 |  3424 ||  4458
Throw: Tomahawk          |     5 |       |    17 |   133 |   263 |   536 |   243 |   125 |   210 ||  1532
       Throwing net      |       |       |     2 |     1 |       |       |       |       |       ||     3
       Javelin           |       |       |       |       |    59 |     8 |       |    32 |    65 ||   164
 Cast: Shroud of Golubri |     5 |    32 |    80 |   109 |   104 |   112 |    79 |    88 |   122 ||   731
       Blink             |     1 |     2 |    11 |    10 |    27 |    12 |    10 |    29 |    60 ||   162
       Teleport Other    |       |     4 |    13 |    10 |       |     5 |       |       |     1 ||    33
       Lesser Beckoning  |       |       |     1 |     2 |       |    29 |    34 |    44 |    60 ||   170
       Portal Projectile |       |       |     1 |     1 |     9 |    51 |    35 |    25 |    44 ||   166
       Passage of Golubr |       |       |       |     1 |       |     1 |     1 |       |       ||     3
       Call Imp          |       |       |       |       |       |    16 |     2 |       |       ||    18
       Olgreb's Toxic Ra |       |       |       |       |       |       |       |    87 |   218 ||   305
       Song of Slaying   |       |       |       |       |       |       |       |     8 |    15 ||    23
       Regeneration      |       |       |       |       |       |       |       |     5 |    37 ||    42
       Summon Lightning  |       |       |       |       |       |       |       |     2 |    23 ||    25
       Deflect Missiles  |       |       |       |       |       |       |       |     1 |    25 ||    26
       Ignite Poison     |       |       |       |       |       |       |       |       |   121 ||   121
       Disjunction       |       |       |       |       |       |       |       |       |     3 ||     3
Invok: Bend Time         |       |       |     4 |       |     1 |       |       |       |       ||     5
       Slouch            |       |       |       |     2 |     9 |    13 |    21 |     6 |    16 ||    67
       Temporal Distorti |       |       |       |       |     1 |       |       |       |       ||     1
 Abil: Spit Poison       |    33 |    65 |    90 |    77 |    14 |     4 |       |     1 |       ||   284
Evoke: Wand              |       |     3 |    11 |     2 |    30 |     9 |     1 |       |     4 ||    60
  Use: Potion            |     1 |     3 |     2 |     3 |     3 |     2 |     5 |     2 |     8 ||    29
       Scroll            |       |     9 |     4 |     8 |    18 |     7 |     3 |    12 |    23 ||    84
 Stab: Sleeping          |     1 |     4 |     2 |     9 |     4 |     4 |    13 |    18 |    16 ||    71
       Distracted        |     1 |     1 |       |     3 |     3 |     4 |     2 |     2 |    13 ||    29
       Held in net/web   |       |       |     1 |       |       |       |       |       |       ||     1
       Paralysed         |       |       |       |       |     2 |     8 |       |       |       ||    10
       Petrified         |       |       |       |       |     2 |       |       |       |       ||     2
       Confused          |       |       |       |       |       |       |     2 |       |       ||     2
  Eat: Chunk             |     9 |    22 |    21 |    34 |    27 |    13 |    14 |    41 |    25 ||   206
       Fruit             |       |       |       |     1 |       |       |       |       |     1 ||     2
       Royal jelly       |       |       |       |       |       |       |     2 |     1 |     3 ||     6
       Meat ration       |       |       |       |       |       |       |     1 |       |     2 ||     3
       Pizza             |       |       |       |       |       |       |     1 |       |     1 ||     2
Armor: Leather armour    |    22 |    96 |    37 |       |       |       |       |       |       ||   155
       Robe              |       |       |   324 |   140 |       |       |       |       |       ||   464
       Scale mail        |       |       |       |   285 |   329 |   268 |   430 |   564 |   640 ||  2516
       Skin              |       |       |       |       |       |       |       |       |     6 ||     6
       Gold dragon scale |       |       |       |       |       |       |       |       |   489 ||   489
Dodge: Dodged            |    68 |   173 |   463 |   668 |   348 |   221 |   371 |   694 |  1791 ||  4797
       Deflected         |       |       |       |       |       |       |       |     5 |   200 ||   205
Block: Shield            |       |       |       |       |   375 |   278 |       |  1655 |  3648 ||  5956
       Large shield      |       |       |       |       |       |   343 |  1248 |   120 |       ||  1711
       Reflection        |       |       |       |       |       |       |       |       |   123 ||   123
